[Event "Late Titled Tuesday Blitz February 8 2022"]
[White "Demchenko, Anton"]
[Black "Ozen, Deniz"]
[WhiteFideId "4160258"]
[BlackFideId "6349196"]
[WhiteElo "2539"]
[BlackElo "2326"]
[Result "1/2-1/2"]
[Round "11"]
[TimeControl "180+1"]
[Date "2022.02.08"]
[WhiteClock "0:00:06"]
[BlackClock "0:00:45"]

1. e4 e5 2. Nf3 Nf6 3. Nxe5 d5 4. exd5 Qxd5 5. d4 Nc6 6. Nc3 Bb4 7. Bd2 Qxd4 8. Nxc6 bxc6 9. Be2 Bf5 10. O-O O-O 11. Be3 Qxd1 12. Bxd1 Rfe8 13. Bf3 Bxc3 14. bxc3 Be4 15. Bxe4 Nxe4 16. Rfb1 Nxc3 17. Rb7 Nd5 18. Bxa7 h5 19. c4 Nb6 20. Bxb6 Rxa2 21. Rf1 cxb6 22. Rxb6 Re6 23. Rc1 Rc2 24. Rbb1 Ree2 25. Rxc2 Rxc2 26. g3 Rxc4 27. Rb7 g6 28. h4 Kg7 29. Kg2 Rc1 30. Kf3 c5 31. Ke3 Rc2 32. Rc7 c4 33. Rc6 Rc3+ 34. Ke4 f5+ 35. Kf4 Kh6 36. Rc7 Rc1 37. f3 c3 38. Rc8 Rc2 39. Rc7 Rc1 40. Rc8 Kg7 41. Kg5 c2 42. Rc7+ Kf8 43. Kf4 Ke8 44. Kg5 Kd8 45. Rc3 Ke7 46. Kxg6 f4 47. g4 hxg4 48. fxg4 f3 49. Re3+ Kd6 50. Rxf3 Rg1 51. Rc3 Rxg4+ 52. Kh5 Rg2 53. Kh6 Kd5 54. h5 Kd4 55. Rc8 Kd3 56. Kh7 Kd2 57. Rxc2+ Kxc2 58. h6 Kd3 59. Kh8 Ke4 60. h7 Ra2 61. Kg7 Ra7+ 62. Kg8 Ra8+ 63. Kg7 Ra7+ 64. Kg8 Rxh7 65. Kxh7 1/2-1/2


[Site "https://www.chess.com"]

[Event "Late Titled Tuesday Blitz February 8 2022"]
[White "Dias, Joao Batista"]
[Black "Kostiukov, Alexandr"]
[WhiteFideId "2108240"]
[BlackFideId "14108100"]
[WhiteElo "1898"]
[BlackElo "2202"]
[Result "0-1"]
[Round "11"]
[TimeControl "180+1"]
[Date "2022.02.09"]
[WhiteClock "0:01:55"]
[BlackClock "0:01:12"]

1. e4 c5 2. Nf3 g6 3. d4 cxd4 4. Qxd4 Nf6 5. e5 Nc6 6. Qh4 Nxe5 7. Nxe5 Qa5+ 8. Nc3 Qxe5+ 9. Be3 Bg7 10. O-O-O O-O 11. Bc4 d6 12. Bh6 Bxh6+ 13. Qxh6 Ng4 14. Qh4 Qf4+ 15. Kb1 Qxc4 16. h3 Ne5 17. f4 Be6 18. Qxe7 Nc6 19. Rxd6 Qxf4 20. Rd3 Nxe7 0-1


[Site "https://www.chess.com"]

[Event "Late Titled Tuesday Blitz February 8 2022"]
[White "Dobre, Claudiu-Cristian"]
[Black "Zhurbinsky, David"]
[WhiteFideId "1211854"]
[BlackFideId "2072904"]
[WhiteElo "2207"]
[BlackElo "2560"]
[Result "1-0"]
[Round "11"]
[TimeControl "180+1"]
[Date "2022.02.09"]
[WhiteClock "0:00:19"]
[BlackClock "0:00:09"]

1. c4 Nf6 2. Nc3 e6 3. e4 d5 4. e5 d4 5. exf6 dxc3 6. fxg7 cxd2+ 7. Qxd2 Qxd2+ 8. Bxd2 Bxg7 9. O-O-O Nc6 10. Nf3 Bd7 11. Bd3 O-O-O 12. Bg5 f6 13. Be3 e5 14. Nh4 Ne7 15. Bc5 Bh6+ 16. Kc2 Nc6 17. Nf5 Bxf5 18. Bxf5+ Kb8 19. Rxd8+ Rxd8 20. Rd1 Rg8 21. g3 b6 22. Be3 Bxe3 23. fxe3 Rg7 24. Be4 Nb4+ 25. Kb3 c5 26. a3 Na6 27. Rd8+ Kc7 28. Rh8 Rg4 29. Rxh7+ Kd6 30. Bf5 Rg5 31. g4 Nb8 32. Rxa7 Rg8 33. Rf7 Rh8 34. Rxf6+ Ke7 35. Re6+ Kf7 36. Rxb6 Ke7 37. g5 Rf8 38. e4 Rh8 39. h4 Rd8 40. h5 Kf7 41. h6 Kg8 42. g6 Re8 43. Be6+ Kh8 44. g7+ Kh7 45. Bf5+ Kg8 46. Rb7 Nd7 47. h7+ Kxg7 48. Rxd7+ Kh8 49. Rd5 Rb8+ 50. Kc3 Re8 51. Rxc5 Rd8 52. Rc8 Rxc8 53. Bxc8 Kg7 54. a4 Kg6 55. h8=Q Kf7 56. Bf5 Ke7 57. c5 Kf7 58. Qxe5 Kf8 59. Qf6+ Ke8 60. Qg7 Kd8 61. Qd7# 1-0


[Site "https://www.chess.com"]

[Event "Late Titled Tuesday Blitz February 8 2022"]
[White "Domingo Nunez, Alejandro"]
[Black "Mortazavi, Ali"]
[WhiteFideId "22245561"]
[BlackFideId "401323"]
[WhiteElo "2215"]
[BlackElo "2339"]
[Result "0-1"]
[Round "11"]
[TimeControl "180+1"]
[Date "2022.02.09"]
[WhiteClock "0:00:29"]
[BlackClock "0:00:30"]

1. Nf3 Nf6 2. g3 g6 3. b3 Bg7 4. Bb2 O-O 5. Bg2 d6 6. d4 a5 7. a4 c6 8. O-O Na6 9. Re1 Nd7 10. e4 e5 11. dxe5 Nxe5 12. Nd4 Qb6 13. Kh1 Ng4 14. Qd2 c5 15. h3 Nh6 16. Nc3 cxd4 17. Nd5 Qc5 18. Ba3 Nb4 19. g4 Kh8 20. Rad1 Be6 21. Nf4 Rac8 22. Rc1 Qc3 23. Qe2 Ng8 24. Qb5 Bh6 25. Ne2 Qc5 26. Qxb7 Bxc1 27. Rxc1 f6 28. c3 dxc3 29. Rxc3 Qxf2 30. Rxc8 Rxc8 31. Qb5 Rc2 0-1


[Site "https://www.chess.com"]

[Event "Late Titled Tuesday Blitz February 8 2022"]
[White "Einarsson, Halldor Gretar"]
[Black "Vargas Pereda, Jesus Manue"]
[WhiteFideId "2300150"]
[BlackFideId "5115710"]
[WhiteElo "2114"]
[BlackElo "1775"]
[Result "1-0"]
[Round "11"]
[TimeControl "180+1"]
[Date "2022.02.09"]
[WhiteClock "0:00:29"]
[BlackClock "0:01:27"]

1. d4 Nf6 2. c4 g6 3. f3 Bg7 4. e4 d6 5. Nc3 O-O 6. Be3 Nc6 7. Qd2 e5 8. Nge2 exd4 9. Nxd4 Nxd4 10. Bxd4 Be6 11. O-O-O c6 12. h4 Qa5 13. h5 Nxh5 14. Bxg7 Kxg7 15. g4 Nf6 16. Qh6+ Kg8 17. Bd3 Qe5 18. f4 Qd4 19. g5 Nh5 20. f5 Qg7 21. fxe6 Qxh6 22. exf7+ Rxf7 23. gxh6 Raf8 24. c5 Rf2 25. cxd6 Nf4 26. Bc4+ Kh8 27. d7 Rd8 28. e5 b5 29. e6 1-0


[Site "https://www.chess.com"]

[Event "Late Titled Tuesday Blitz February 8 2022"]
[White "Fier, Alexandr"]
[Black "Tregubov, Pavel V."]
[WhiteFideId "2107139"]
[BlackFideId "4115341"]
[WhiteElo "2569"]
[BlackElo "2341"]
[Result "1-0"]
[Round "11"]
[TimeControl "180+1"]
[Date "2022.02.08"]
[WhiteClock "0:01:32"]
[BlackClock "0:00:22"]

1. d4 Nf6 2. Bg5 e6 3. e4 h6 4. Bxf6 Qxf6 5. c3 d6 6. Bd3 g6 7. Ne2 e5 8. O-O Bg7 9. f4 Qe7 10. f5 O-O 11. fxg6 fxg6 12. Qb3+ Kh7 13. Rxf8 Qxf8 14. Nd2 Qe7 15. Rf1 Qg5 16. Nc4 Nc6 17. d5 Na5 18. Nxa5 Qe3+ 19. Rf2 Qxd3 20. Qc4 Qe3 21. Qxc7 Bg4 22. Nc4 Qxe4 23. Nxd6 Qxd5 24. Ng3 Kg8 25. h3 Be6 26. Nge4 Qc6 27. Qe7 Bxa2 28. Nf6+ Kh8 29. Nfe8 Bg8 30. Qxg7# 1-0


[Site "https://www.chess.com"]

[Event "Late Titled Tuesday Blitz February 8 2022"]
[White "Fishbein, Alexander"]
[Black "Kraus, Tomas"]
[WhiteFideId "2000377"]
[BlackFideId "331708"]
[WhiteElo "2442"]
[BlackElo "2389"]
[Result "1-0"]
[Round "11"]
[TimeControl "180+1"]
[Date "2022.02.09"]
[WhiteClock "0:00:32"]
[BlackClock "0:00:33"]

1. e4 c5 2. Nf3 d6 3. d4 cxd4 4. Nxd4 Nf6 5. Nc3 a6 6. Be2 e5 7. Nb3 Be7 8. O-O O-O 9. Qd3 Be6 10. Bd2 Nbd7 11. Nd5 Bxd5 12. exd5 Rc8 13. c4 Nc5 14. Nxc5 Rxc5 15. b4 Rc8 16. Rac1 Nd7 17. Bg4 g6 18. Bxd7 Qxd7 19. Be3 f5 20. f3 Qa4 21. a3 Rc7 22. c5 Rfc8 23. h3 Qb5 24. Qd2 Rd7 25. Bg5 Bxg5 26. Qxg5 dxc5 27. Qf6 Re8 28. Rxc5 Qd3 29. Rfc1 b6 30. Rc8 Qe3+ 31. Kh1 Rdd8 32. R1c7 1-0


[Site "https://www.chess.com"]

[Event "Late Titled Tuesday Blitz February 8 2022"]
[White "Garcia Martin, Marta"]
[Black "Velikanov, Alexander"]
[WhiteFideId "32084030"]
[BlackFideId "2039290"]
[WhiteElo "2102"]
[BlackElo "2259"]
[Result "1-0"]
[Round "11"]
[TimeControl "180+1"]
[Date "2022.02.08"]
[WhiteClock "0:00:12"]
[BlackClock "0:00:06"]

1. d4 Nf6 2. Nf3 g6 3. Nbd2 d5 4. e3 Bg7 5. Bd3 O-O 6. c3 c5 7. dxc5 Nfd7 8. Nb3 Qc7 9. h4 Nxc5 10. Bc2 Rd8 11. h5 Bg4 12. hxg6 hxg6 13. Rh4 Nxb3 14. axb3 Qc8 15. Ra4 Bf5 16. Bxf5 Qxf5 17. Raf4 Qd7 18. Rh3 e5 19. Rfh4 Qf5 20. e4 Qc8 21. Bg5 Rd6 22. Bh6 Bf6 23. Bg5 Bg7 24. exd5 e4 25. Rxe4 Na6 26. c4 Nc5 27. Reh4 Qf5 28. Kf1 Re8 29. Kg1 Nd3 30. Be3 Rxe3 31. fxe3 Nc5 32. e4 Nxe4 33. Qd3 Ng3 34. Qxf5 Nxf5 35. Re4 Rb6 36. Ne5 Bxe5 37. Rxe5 Nd4 38. c5 Rb5 39. d6 Nc6 40. Re8+ Kg7 41. d7 Rxc5 42. d8=Q Nxd8 43. Rxd8 Rc2 44. Rd7 Rxb2 45. Rxb7 a5 46. Rf3 Rb1+ 47. Kh2 1-0


[Site "https://www.chess.com"]

[Event "Late Titled Tuesday Blitz February 8 2022"]
[White "Garriga Cazorla, Pere"]
[Black "Holt, Conrad"]
[WhiteFideId "32011601"]
[BlackFideId "2034387"]
[WhiteElo "2458"]
[BlackElo "2586"]
[Result "0-1"]
[Round "11"]
[TimeControl "180+1"]
[Date "2022.02.08"]
[WhiteClock "0:00:03"]
[BlackClock "0:00:08"]

1. d4 d5 2. c4 c6 3. Nf3 Nf6 4. Nc3 dxc4 5. a4 Bf5 6. e3 e6 7. Bxc4 Nbd7 8. O-O Bb4 9. Nh4 Bg4 10. f3 Bh5 11. g4 Nd5 12. Ng2 Bg6 13. Na2 Be7 14. e4 N5b6 15. Bb3 a5 16. Nc3 c5 17. Be3 cxd4 18. Bxd4 O-O 19. f4 e5 20. fxe5 Nc5 21. Ba2 Nxe4 22. Nf4 Nxc3 23. bxc3 Be4 24. Qe2 Bc6 25. Rab1 Nxa4 26. Rbd1 Qc7 27. Qe3 Bg5 28. Qg3 Rad8 29. h4 Bxf4 30. Qxf4 Bd5 31. Bxd5 Rxd5 32. h5 Nc5 33. h6 g6 34. Bxc5 Qxc5+ 35. Kh2 Rxe5 36. Rd2 Qe7 37. Kg1 Re4 38. Qf3 f5 39. gxf5 Rxf5 40. Qd3 Rg4+ 41. Rg2 Qc5+ 42. Kh2 Rh5+ 0-1


[Site "https://www.chess.com"]

[Event "Late Titled Tuesday Blitz February 8 2022"]
[White "Gerbelli Neto, Eduardo"]
[Black "Jaskolka, Tomasz"]
[WhiteFideId "2103281"]
[BlackFideId "1170791"]
[WhiteElo "2178"]
[BlackElo "2054"]
[Result "0-1"]
[Round "11"]
[TimeControl "180+1"]
[Date "2022.02.09"]
[WhiteClock "0:01:03"]
[BlackClock "0:01:23"]

1. e4 c5 2. Nc3 e6 3. f4 d5 4. Nf3 Nf6 5. Bb5+ Bd7 6. Qe2 dxe4 7. Nxe4 Nxe4 8. Bxd7+ Qxd7 9. Qxe4 Nc6 10. Ne5 Nxe5 11. fxe5 Be7 12. d3 O-O 13. O-O b5 14. Be3 Rac8 15. Qg4 f5 16. Qg3 c4 17. d4 Qd5 18. c3 a5 19. a3 b4 20. axb4 axb4 21. Ra7 Rf7 22. Bg5 bxc3 23. bxc3 Bxg5 24. Rxf7 Kxf7 25. Qxg5 Qe4 26. Ra1 Ra8 27. Rxa8 Qe1# 0-1


[Site "https://www.chess.com"]

[Event "Late Titled Tuesday Blitz February 8 2022"]
[White "Glavina, Pablo"]
[Black "Postnikov, Daniil"]
[WhiteFideId "100234"]
[BlackFideId "4166329"]
[WhiteElo "2369"]
[BlackElo "2261"]
[Result "0-1"]
[Round "11"]
[TimeControl "180+1"]
[Date "2022.02.09"]
[WhiteClock "0:02:29"]
[BlackClock "0:02:16"]

1. e4 e6 2. d4 d5 3. Nc3 Nf6 4. Bg5 Bb4 5. e5 h6 6. Bc1 Ne4 7. a3 Nxc3 8. Qd2 Ne4 9. Qxb4 Nc6 10. Qa4 Bd7 11. f3 Qh4+ 0-1


[Site "https://www.chess.com"]

[Event "Late Titled Tuesday Blitz February 8 2022"]
[White "Goltseva, Ekaterina"]
[Black "Indjic, Aleksandar"]
[WhiteFideId "24173770"]
[BlackFideId "911925"]
[WhiteElo "2140"]
[BlackElo "2616"]
[Result "1/2-1/2"]
[Round "11"]
[TimeControl "180+1"]
[Date "2022.02.08"]
[WhiteClock "0:00:08"]
[BlackClock "0:00:36"]

1. d4 Nf6 2. c4 c5 3. d5 e6 4. Nc3 exd5 5. cxd5 d6 6. e4 g6 7. Nge2 a6 8. a4 Qe7 9. f3 Bg7 10. Ng3 h5 11. Be2 h4 12. Nf1 Nh5 13. Be3 f5 14. Qd2 Nd7 15. Bg5 Bf6 16. Bxf6 Qxf6 17. f4 Qd4 18. Bxh5 Rxh5 19. exf5 Rxf5 20. g3 Qxd2+ 21. Kxd2 Nf6 22. Re1+ Kd8 23. Ne3 Rh5 24. a5 Bd7 25. Kc1 Kc7 26. Nc4 Re8 27. Nb6 Rhh8 28. Rxe8 Rxe8 29. gxh4 Nh5 30. Rf1 Re3 31. Nxd7 Kxd7 32. f5 gxf5 33. Rxf5 Ng7 34. Rf7+ Re7 35. Rf6 Nh5 36. Rf5 Ng7 37. Rg5 Rf7 38. h5 Nf5 39. Ne4 Ke7 40. Rg6 Rh7 41. Re6+ Kd8 42. Nxd6 Nxd6 43. Rxd6+ Kc7 44. Rg6 Rxh5 45. d6+ Kc6 46. Rg7 Rxh2 47. Rc7+ Kxd6 48. Rxb7 Kd5 49. Rb6 Kc4 50. Kb1 Rh8 51. Rxa6 Kb5 52. Ra7 c4 53. Ka2 Rg8 54. Ka3 Rg3+ 55. Ka2 Rg8 56. Rc7 Ra8 57. Kb1 Rxa5 58. Kc2 Kb4 59. Rb7+ Rb5 60. Rxb5+ Kxb5 61. Kc3 Kc5 62. b3 cxb3 63. Kxb3 1/2-1/2


[Site "https://www.chess.com"]

[Event "Late Titled Tuesday Blitz February 8 2022"]
[White "Golubka, Petro"]
[Black "Rustemov, Alexander"]
[WhiteFideId "14114224"]
[BlackFideId "4119002"]
[WhiteElo "2392"]
[BlackElo "2818"]
[Result "1-0"]
[Round "11"]
[TimeControl "180+1"]
[Date "2022.02.08"]
[WhiteClock "0:00:28"]
[BlackClock "0:00:08"]

1. d4 d5 2. a3 Nc6 3. Bf4 f6 4. e3 e5 5. Bg3 Be6 6. dxe5 Nxe5 7. Nc3 c6 8. Bxe5 fxe5 9. Qh5+ Kd7 10. Qxe5 Nf6 11. Nf3 Bd6 12. Qd4 Qe7 13. Be2 Kc7 14. O-O Rhe8 15. Rad1 a6 16. e4 dxe4 17. Nxe4 Nxe4 18. Qxe4 Bd5 19. Qxe7+ Rxe7 20. Nd4 Rae8 21. Bd3 g6 22. c3 b5 23. b4 Kb6 24. Nc2 Be5 25. Nd4 a5 26. g3 Bf6 27. h4 axb4 28. axb4 Ra8 29. Rc1 Ra3 30. Rfd1 Rea7 31. Bf1 Ra2 32. Nxb5 cxb5 33. Rxd5 Kc7 34. Rc5+ Kd6 35. Rd1+ Ke7 36. Rxb5 Bxc3 37. Rb8 Rb2 38. b5 Raa2 39. Rd3 Ba5 40. Re3+ Kd6 41. Rf8 Bb6 42. Rf6+ Kc5 43. Rc6+ Kb4 44. Rxb6 Rxf2 45. Re4+ Kc5 46. Rc6+ Kd5 47. Ree6 Rf8 48. Red6+ Ke5 49. Rd1 Rb2 50. Re1+ Kd4 51. Rd6+ Kc3 52. Rc6+ Kd2 53. Rce6 Rb4 54. R6e2+ Kc3 55. Rc1+ Kb3 56. Rb1+ Kc3 57. Rxb4 Kxb4 58. b6 Kc5 59. b7 Rb8 60. Rb2 Kd6 61. Bg2 Kc7 62. Bf3 Rf8 63. Kg2 Kb8 64. g4 h6 65. Kg3 g5 66. hxg5 hxg5 67. Rb5 Rg8 68. Rf5 Kc7 69. Rc5+ Kb8 70. Rc8+ Rxc8 71. bxc8=Q+ Kxc8 72. Be4 Kd7 73. Bf5+ Kd6 74. Kf3 Ke5 75. Ke3 Kf6 76. Ke4 Kf7 77. Ke5 Ke7 78. Be6 1-0


[Site "https://www.chess.com"]

[Event "Late Titled Tuesday Blitz February 8 2022"]
[White "Gomez Ledo, Roberto Carlos"]
[Black "Chigaev, Maksim"]
[WhiteFideId "3507076"]
[BlackFideId "4108116"]
[WhiteElo "2379"]
[BlackElo "2502"]
[Result "1/2-1/2"]
[Round "11"]
[TimeControl "180+1"]
[Date "2022.02.08"]
[WhiteClock "0:00:10"]
[BlackClock "0:00:13"]

1. d4 Nf6 2. Bf4 d5 3. e3 Bf5 4. c4 e6 5. Nc3 c6 6. Qb3 Qb6 7. c5 Qxb3 8. axb3 Be7 9. h3 O-O 10. b4 Nbd7 11. Nf3 a6 12. Nd2 Rfe8 13. Nb3 Bd8 14. Kd2 e5 15. Bh2 exd4 16. exd4 Ne4+ 17. Nxe4 Bxe4 18. Na5 Bxa5 19. bxa5 Nf8 20. f3 Bg6 21. Ra4 Rad8 22. Be2 Ne6 23. Rha1 Rd7 24. Bf1 Nc7 25. Bxc7 Rxc7 26. Re1 Rxe1 27. Kxe1 h5 28. h4 Bf5 29. Ra3 Re7+ 30. Kd2 Kf8 31. Re3 Be6 32. Be2 g6 33. Re5 Kg7 34. Bd3 Kf6 35. Ke3 Re8 36. Kf4 Rg8 37. g4 hxg4 38. fxg4 Ke7 39. Kg3 f6 40. Re3 Kf7 41. Kf4 Rh8 42. Bxg6+ Kxg6 43. Rxe6 Rxh4 44. Re7 Rh3 45. Rxb7 Rd3 46. Rb6 Rxd4+ 47. Kf3 Rd2 48. b4 Rd3+ 49. Kf2 Rb3 50. Rxa6 Rxb4 51. Rxc6 Rxg4 52. a6 Ra4 53. Rb6 Kf5 54. c6 Ke6 55. c7+ Kd7 56. Rxf6 Kxc7 57. Ke2 Kb8 58. Kd3 Ka7 59. Kc3 Rc4+ 60. Kd3 Re4 61. Kc3 Ra4 62. Kd3 Rb4 63. Kc3 Ra4 64. Kd3 Rxa6 65. Rxa6+ Kxa6 66. Kd4 Kb5 67. Kxd5 1/2-1/2


[Site "https://www.chess.com"]

[Event "Late Titled Tuesday Blitz February 8 2022"]
[White "Gracia Alvarez, Gerardo Antonio"]
[Black "Musovic, Armin"]
[WhiteFideId "5109124"]
[BlackFideId "939935"]
[WhiteElo "2139"]
[BlackElo "2250"]
[Result "0-1"]
[Round "11"]
[TimeControl "180+1"]
[Date "2022.02.09"]
[WhiteClock "0:00:59"]
[BlackClock "0:01:52"]

1. e4 c6 2. c4 d5 3. cxd5 cxd5 4. exd5 e6 5. dxe6 Bxe6 6. d4 Nc6 7. Nf3 a6 8. Be2 Nf6 9. O-O h6 10. Nc3 Bd6 11. Re1 O-O 12. h3 Rc8 13. Be3 Re8 14. Qd2 Bb4 15. Rad1 Bxa2 16. Bxh6 gxh6 17. Qxh6 Bf8 18. Qg5+ Bg7 19. Nxa2 Ne4 20. Qg4 Nf6 21. Qg5 Ne4 22. Qf5 Nxd4 23. Nxd4 Bxd4 24. Bc4 Bxf2+ 25. Qxf2 Nxf2 26. Rxd8 Rexd8 0-1


[Site "https://www.chess.com"]

[Event "Late Titled Tuesday Blitz February 8 2022"]
[White "Hasangatin, Ramil"]
[Black "Costachi, Mihnea"]
[WhiteFideId "4122160"]
[BlackFideId "1217518"]
[WhiteElo "2375"]
[BlackElo "2464"]
[Result "0-1"]
[Round "11"]
[TimeControl "180+1"]
[Date "2022.02.08"]
[WhiteClock "0:00:02"]
[BlackClock "0:00:13"]

1. e4 c5 2. Nf3 d6 3. d4 cxd4 4. Qxd4 Nf6 5. e5 Nc6 6. Bb5 dxe5 7. Qxd8+ Kxd8 8. Bxc6 bxc6 9. Nxe5 Ke8 10. Nc3 e6 11. Bd2 Bd6 12. Nc4 Bc5 13. Na4 Be7 14. O-O-O Nd5 15. Ne5 Bb7 16. b3 f6 17. Nd3 Kf7 18. Nac5 Bc8 19. c4 Nb6 20. f4 a5 21. a4 Rd8 22. Kc2 e5 23. fxe5 Bf5 24. Rhf1 Bg6 25. e6+ Kg8 26. Kc3 Bh5 27. Rde1 Rab8 28. Be3 Nc8 29. Nf4 Be8 30. Rd1 Nd6 31. Bg1 g5 32. Nfd3 f5 33. Bd4 Ne4+ 34. Nxe4 fxe4 35. Ne5 c5 36. Bf2 Rxd1 37. Rxd1 Bf6 38. Bg3 Rb6 39. Kc2 h5 40. Nd7 Rxe6 41. Nxc5 Rc6 42. Nd7 Be7 43. Ne5 Re6 44. h3 h4 45. Bh2 Bd6 46. Rd5 e3 47. Kd3 Bc6 48. Rxa5 Bxg2 49. Kxe3 Bxh3 50. Ke4 g4 51. Bf4 g3 52. Kf3 Rf6 53. Ra8+ Kg7 54. Ra7+ Kg8 55. Ra8+ Bf8 56. Ke3 Bg2 57. Nd7 Re6+ 58. Kd2 Bxa8 0-1


[Site "https://www.chess.com"]

[Event "Late Titled Tuesday Blitz February 8 2022"]
[White "Hoffmann, Asa"]
[Black "Song, Guannan Terry"]
[WhiteFideId "2001470"]
[BlackFideId "2614189"]
[WhiteElo "2117"]
[BlackElo "2115"]
[Result "0-1"]
[Round "11"]
[TimeControl "180+1"]
[Date "2022.02.09"]
[WhiteClock "0:00:14"]
[BlackClock "0:00:11"]

1. d4 c5 2. dxc5 Nf6 3. Nc3 Na6 4. e4 g6 5. e5 Nh5 6. Be3 b6 7. cxb6 axb6 8. Bc4 Bb7 9. Nf3 Ng7 10. Ng5 Ne6 11. Nxe6 fxe6 12. O-O Bg7 13. f4 O-O 14. Qg4 Kh8 15. Rad1 Qc7 16. Bd3 Nb4 17. Ne4 Nxd3 18. cxd3 Bxe4 19. dxe4 Rxa2 20. Bd4 Qc2 21. Qf3 b5 22. Qd3 Rc8 23. Qxc2 Rxc2 24. Bc3 Ra7 25. Rf2 Rxf2 26. Kxf2 Rb7 27. Bb4 Bf8 28. g4 Kg7 29. Ke3 Kf7 30. f5 Bh6+ 31. Kf3 Rc7 32. Bc3 Bg5 33. Kg3 Be3 34. h4 Bc5 35. Kf3 b4 36. Bd4 d6 37. fxg6+ hxg6 38. h5 gxh5 39. gxh5 Kg8 40. Rc1 Kh7 41. Bxc5 Rxc5 42. Rxc5 dxc5 43. Ke3 c4 44. Kd4 c3 45. bxc3 bxc3 46. Kxc3 Kh6 47. Kd4 Kxh5 48. Ke3 Kg4 49. Kd3 Kf3 50. Kd4 Kf4 51. Kd3 Kxe5 52. Ke3 Kf6 53. Kf4 e5+ 54. Kg4 Ke6 55. Kg5 Kd7 56. Kf5 Kd6 57. Kg6 Kc5 58. Kf5 Kd4 59. Ke6 Kxe4 60. Kxe7 Kd4 0-1


[Site "https://www.chess.com"]

[Event "Late Titled Tuesday Blitz February 8 2022"]
[White "Ibarra Jerez, Jose Carlos"]
[Black "Gurevich, Dmitry"]
[WhiteFideId "2226332"]
[BlackFideId "2000407"]
[WhiteElo "2626"]
[BlackElo "2506"]
[Result "1-0"]
[Round "11"]
[TimeControl "180+1"]
[Date "2022.02.08"]
[WhiteClock "0:01:09"]
[BlackClock "0:00:05"]

1. e4 c5 2. Nf3 d6 3. d4 cxd4 4. Nxd4 Nf6 5. Nc3 Nc6 6. Nd5 e6 7. Nxf6+ Qxf6 8. Nb5 Qd8 9. c4 a6 10. Nc3 Be7 11. Be3 O-O 12. Be2 b6 13. O-O Rb8 14. Qd2 Bb7 15. Rad1 Qc7 16. f4 Rfd8 17. b3 Bf6 18. Rc1 Ne7 19. Bf3 Ng6 20. Qf2 Ba8 21. Na4 e5 22. Bxb6 Rxb6 23. Qxb6 Qe7 24. f5 Nf4 25. Rcd1 Bb7 26. c5 d5 27. c6 Bc8 28. exd5 e4 29. Qe3 exf3 30. Qxf4 fxg2 31. Rfe1 Qa7+ 32. Kxg2 h6 33. d6 Bg5 34. Qf3 g6 35. d7 Bxd7 36. cxd7 Rxd7 37. fxg6 1-0


[Site "https://www.chess.com"]

[Event "Late Titled Tuesday Blitz February 8 2022"]
[White "Jaferian, Koosha"]
[Black "Jarocka, Liwia"]
[WhiteFideId "12507440"]
[BlackFideId "21807558"]
[WhiteElo "2027"]
[BlackElo "1896"]
[Result "1-0"]
[Round "11"]
[TimeControl "180+1"]
[Date "2022.02.09"]
[WhiteClock "0:00:24"]
[BlackClock "0:01:11"]

1. Nf3 b6 2. g3 Bb7 3. Bg2 g6 4. d4 Bg7 5. b3 Nf6 6. Bb2 O-O 7. O-O d5 8. c4 Nbd7 9. cxd5 Bxd5 10. Nbd2 c5 11. Rc1 Rc8 12. e3 cxd4 13. Nxd4 Bxg2 14. Kxg2 Nc5 15. Qe2 Qd5+ 16. Kg1 Rfd8 17. Rfd1 e5 18. Nb5 a6 19. Nc3 Qd3 20. Qe1 Qf5 21. Nc4 Nd3 22. Rxd3 Rxd3 23. Nxb6 Rcd8 24. Nc4 Qh5 25. h4 g5 26. hxg5 Ng4 27. Kg2 Qh2+ 28. Kf3 f5 29. gxf6 Nxf6 30. Qh1 e4+ 31. Ke2 Qxh1 32. Rxh1 Ng4 33. Nxe4 Bxb2 34. Nxb2 R3d5 35. Rh4 Ne5 36. Nf6+ Kg7 37. Nxd5 Rxd5 38. Rd4 Ra5 39. Na4 Nc6 40. Rd7+ Kg6 41. Rd6+ 1-0


[Site "https://www.chess.com"]

[Event "Late Titled Tuesday Blitz February 8 2022"]
[White "Kanyamarala, Tarun"]
[Black "Karas, Marek"]
[WhiteFideId "45004714"]
[BlackFideId "14928558"]
[WhiteElo "2144"]
[BlackElo "2270"]
[Result "0-1"]
[Round "11"]
[TimeControl "180+1"]
[Date "2022.02.09"]
[WhiteClock "0:00:01"]
[BlackClock "0:00:12"]

1. d4 Nf6 2. c4 g6 3. Nc3 Bg7 4. e4 O-O 5. Nf3 d6 6. Be2 Bg4 7. Be3 Nfd7 8. Rc1 Nc6 9. d5 Bxf3 10. Bxf3 Ncb8 11. O-O c6 12. Qd2 Na6 13. Be2 Qa5 14. a3 c5 15. f4 Nc7 16. Kh1 a6 17. Bg4 Rfd8 18. Bxd7 Rxd7 19. f5 b5 20. Qf2 Rf8 21. Qh4 b4 22. axb4 Qxb4 23. Rf3 Qxb2 24. Rh3 h5 25. g4 Bf6 26. Qg3 h4 27. Rxh4 Bxh4 28. Qxh4 Ne8 29. Qg3 Ng7 30. Bh6 Rb7 31. Rf1 Rb3 32. Rf3 Qa1+ 33. Kg2 Rb2+ 34. Kh3 Qh1 35. f6 exf6 36. Rxf6 Rc2 37. Bf4 Ne8 0-1


[Site "https://www.chess.com"]

[Event "Late Titled Tuesday Blitz February 8 2022"]
[White "Kanyamarala, Trisha"]
[Black "Cupid, Kevin"]
[WhiteFideId "45004722"]
[BlackFideId "7700512"]
[WhiteElo "2002"]
[BlackElo "2096"]
[Result "1-0"]
[Round "11"]
[TimeControl "180+1"]
[Date "2022.02.09"]
[WhiteClock "0:01:07"]
[BlackClock "0:00:26"]

1. d4 Nf6 2. c4 e6 3. Nc3 Bb4 4. Qc2 c5 5. a3 Bxc3+ 6. Qxc3 cxd4 7. Qxd4 Nc6 8. Qd1 O-O 9. Nf3 Qb6 10. e3 d5 11. cxd5 exd5 12. Be2 Bg4 13. O-O Rad8 14. Nd4 Nxd4 15. Bxg4 Nb3 16. Rb1 Nxc1 17. Rxc1 d4 18. Qf3 dxe3 19. fxe3 Nxg4 20. Qxg4 Qxe3+ 21. Kh1 Rd2 22. Rc8 Rdd8 23. Rc7 Qb6 24. Qc4 Qxb2 25. Rcxf7 1-0


[Site "https://www.chess.com"]

[Event "Late Titled Tuesday Blitz February 8 2022"]
[White "Kim, Sergey"]
[Black "Villegas, Pierre"]
[WhiteFideId "13700570"]
[BlackFideId "654183"]
[WhiteElo "2611"]
[BlackElo "2410"]
[Result "0-1"]
[Round "11"]
[TimeControl "180+1"]
[Date "2022.02.09"]
[WhiteClock "0:00:11"]
[BlackClock "0:00:12"]

1. d4 d5 2. c4 e6 3. Nc3 a6 4. cxd5 exd5 5. Nf3 Nf6 6. Bg5 Be6 7. e3 Nbd7 8. Bd3 Bd6 9. Rc1 c6 10. Bb1 Qc7 11. a3 O-O 12. Bh4 Bg4 13. Bg3 Bh5 14. Ne2 Bg6 15. Bxg6 hxg6 16. Nf4 Qa5+ 17. Nd2 Ne4 18. Nd3 Ndf6 19. Bxd6 Nxd6 20. O-O Qd8 21. Ne5 Nd7 22. Qb3 Qe7 23. Ndf3 Nf6 24. Qb6 Nfe4 25. Rc2 g5 26. h3 Qe6 27. b3 f6 28. Nd3 g4 29. hxg4 Qxg4 30. Nf4 g5 31. Nd3 Rf7 32. Nc5 Rh7 33. Re1 Qh5 34. Kf1 g4 35. Ng1 Qh2 36. Nxe4 Nxe4 37. Qa5 Rh5 38. Qb4 Rf5 39. Qxb7 Ng3# 0-1


[Site "https://www.chess.com"]

[Event "Late Titled Tuesday Blitz February 8 2022"]
[White "Kopczynski, Michal"]
[Black "Mirzoev, Azer"]
[WhiteFideId "1124200"]
[BlackFideId "13400304"]
[WhiteElo "2235"]
[BlackElo "2525"]
[Result "0-1"]
[Round "11"]
[TimeControl "180+1"]
[Date "2022.02.08"]
[WhiteClock "0:00:05"]
[BlackClock "0:00:08"]

1. e4 c5 2. d4 cxd4 3. c3 d3 4. Bxd3 Nc6 5. f4 d6 6. Nf3 g6 7. O-O Bg7 8. Kh1 Nf6 9. Qe1 O-O 10. Be3 Bg4 11. Nbd2 Bxf3 12. Rxf3 Nd7 13. Rh3 e6 14. f5 Re8 15. fxg6 hxg6 16. Qg3 Nce5 17. Bc2 b5 18. Rf1 Bf6 19. Bb3 a5 20. a3 b4 21. cxb4 axb4 22. a4 Nc5 23. Bd1 Nxa4 24. Nf3 Nxb2 25. Bg5 Nxf3 26. Bxf6 Qxf6 27. Bxf3 Nc4 28. Be2 Ra1 29. Qd3 Rxf1+ 30. Bxf1 Ne5 31. Qb5 Ra8 32. Kg1 Kg7 33. Rb3 Ra1 34. Rxb4 Qf4 35. Rb1 Qe3+ 36. Kh1 Ra2 37. Rb2 Rxb2 38. Qxb2 Qxe4 39. h3 d5 40. Kg1 Qe3+ 41. Kh2 d4 42. Bb5 Nd3 43. Bxd3 Qxd3 44. Qb8 Qe3 45. Kh1 e5 46. Qd6 d3 47. h4 d2 48. Kh2 Qf4+ 49. Kh3 Qe3+ 50. Kh2 Qd4 51. Qe7 d1=Q 52. h5 Qxh5+ 53. Kg3 Qf4# 0-1


[Site "https://www.chess.com"]